 Dungeon Crawl Stone Soup version 0.27-a0-887-gcab673c142 (webtiles) character file.

Game seed: 10122102276465112354

40 leviel the Skirmisher (level 3, -1/36 HPs)
             Began as a Gargoyle Berserker on Apr 4, 2021.
             Was a Follower of Trog.
             Slain by an orc
             ... wielding a +0 short sword
              (3 damage)
             ... on level 2 of the Dungeon.
             The game lasted 00:01:35 (1250 turns).

leviel the Skirmisher (Gargoyle Berserker)          Turns: 1250, Time: 00:01:35

Health: -1/36      AC:  5    Str: 21    XL:     3   Next: 50%
Magic:  3/3        EV: 12    Int:  7    God:    Trog [*.....]
Gold:   24         SH:  0    Dex:  9    Spells: 2/2 levels left

rFire    + . .     SeeInvis .   a - +1 mace
rCold    + . .     Faith    .   (no shield)
rNeg     + . .     Spirit   .   b - +0 animal skin
rPois    ∞         Reflect  .   (no helmet)
rElec    +         Harm     .   (no cloak)
rCorr    +         Rampage  .   (no gloves)
Will     .....                  (no boots)
Stlth    ..........             (no amulet)
HPRegen  0.12/turn              (no ring)
MPRegen  0.08/turn              (no ring)

@: berserking, resistant, very quick
A: AC +3, negative energy resistance 1, electricity resistance, torment
resistance 1, unbreathing 1, petrification resistance
a: Renounce Religion, Berserk


You were on level 2 of the Dungeon.
You worshipped Trog.
Trog was aware of your devotion.
You visited 1 branch of the dungeon, and saw 2 of its levels.

You collected 24 gold pieces.

Inventory:

Hand Weapons
 a - a +1 mace (weapon)
Armour
 b - a +0 animal skin (worn)
Jewellery
 c - an amulet of the acrobat
Potions
 d - a potion of curing
 e - a potion of resistance
 i - a potion of brilliance {unknown}
 k - a potion of heal wounds {unknown}


   Skills:
 + Level 3.9 Fighting
 + Level 3.4 Maces & Flails
 + Level 2.2 Armour
 + Level 1.7 Dodging
 * Level 1.1 Invocations
 * Level 0.6 Evocations


You had 2 spell levels left.
You didn't know any spells.
Your spell library was empty.

Dungeon Overview and Level Annotations

Branches:
Dungeon (2/15)

Altars:


Innate Abilities, Weirdness & Mutations

Your stone body is resilient. (AC +3)
You are immune to poison.
You resist negative energy. (rN+)
You are resistant to electric shocks. (rElec)
You are resistant to unholy torment.
You can survive without breathing.
You are immune to petrification.


Message History

You aren't carrying any scrolls.
Unknown command.
It was a potion of curing.
You feel better.
You aren't carrying any scrolls.
It was a potion of resistance.
You feel protected.
You aren't carrying any scrolls.
Unknown command.
There is a stone staircase leading down here.
You climb downwards.
The bat hits you but does no damage.
The orc priest hits you with a +0 flail!
The orc warrior barely misses you. The orc misses you.
There is a stone staircase leading up here.
A red film seems to cover your vision as you go berserk!
You feel yourself moving faster!
You feel mighty! The bat barely misses you.
The orc priest calls down the wrath of Beogh upon you.
Pain shoots through your body! The orc misses you.
The orc warrior hits you but does no damage.
You hit the orc priest.
The orc priest is moderately wounded.
The bat misses you.
The orc priest hits you but does no damage.
The orc barely misses you.
The orc warrior hits you with a +0 long sword.
You hit the orc priest.
The orc priest is heavily wounded.
The bat closely misses you.
The orc priest hits you with a +0 flail.
The orc warrior hits you with a +0 long sword!
* * * LOW HITPOINT WARNING * * *
The orc hits you but does no damage.
You barely miss the orc priest.
The orc priest is heavily wounded.
The bat barely misses you. The orc priest closely misses you.
You bludgeon the orc priest!!
You kill the orc priest!
Trog accepts your kill. The bat hits you but does no damage.
The bat closely misses you. The orc hits you with a +0 short sword.
You die...

## .# ##.######
##.......#
........#
#)......#
#@......#
......obo.....#
........#######
##.#.#.## #
#.#. # #. .. ..


You could see an orc warrior, an orc and a bat.

Vanquished Creatures
  An orc priest (D:2)
  A gnoll (D:1)
  A dart slug (D:1)
  A ball python (D:1)
  3 endoplasms (D:1)
  3 giant cockroaches (D:1)
  3 goblins (D:1)
  3 hobgoblins (D:1)
  2 kobolds (D:1)
  A quokka (D:1)
  A bat (D:1)
  A frilled lizard (D:1)
  5 rats (D:1)
26 creatures vanquished.

Notes
Turn   | Place    | Note
-------+----------+-------------------------------------------
     0 | D:1      | leviel the Gargoyle Berserker began the quest for the Orb.
     0 | D:1      | Reached XP level 1. HP: 14/14 MP: 1/1
    32 | D:1      | Reached XP level 2. HP: 11/19 MP: 2/2
   256 | D:1      | Found a faded altar of an unknown god.
   488 | D:1      | Reached XP level 3. HP: 24/24 MP: 3/3
   817 | D:1      | Reached skill level 1 in Invocations
  1234 | D:2      | Noticed an orc warrior
  1250 | D:2      | Slain by an orc

Illustrated notes

Levels and vault maps discovered:
D:1:      dpeg_arrival_refuge, layout_loops_corners, basic_ecumenical_altar
D:2:      layout_basic, basic_altar, uniq_jessica

Skill      XL: |  1  2  3 |
---------------+----------+-----
Invocations    | 1 |  1.1
Fighting       | |  3.9
Maces & Flails | |  3.4
Armour         | |  2.2
Dodging        | |  1.7
Evocations     | |  0.6

Action                   || total
-------------------------++-------
Melee: Mace              ||    71
Invok: Berserk           ||     2
  Use: Scroll            ||     4
       Potion            ||     2
Armor: Animal skin       ||    26
Dodge: Dodged            ||    46

Table legend: (Time is in decaauts)
 A = Elapsed time spent in this place.
 B = Non-inter-level travel time spent in this place.
 C = Inter-level travel time spent in this place.
 D = Time resting spent in this place.
 E = Time spent auto-exploring this place.
 F = Levels seen in this place.
 G = Mean time per level.
                   A        B        C        D        E       F      G
               +--------+--------+--------+--------+--------+-----+--------+
         Total |   1275 |   1253 |     22 |      1 |   1085 |   2 |  637.5 |
       Dungeon |   1275 |   1253 |     22 |      1 |   1085 |   2 |  637.5 |
               +--------+--------+--------+--------+--------+-----+--------+

Top non-repeatable levels by time:
     D:1: 1268 daAuts
     D:2: 6 daAuts
